 Dungeon Crawl Stone Soup version 0.31.0-12-g77e489cdc1 (webtiles) character file.

Game seed: 18321428869968030891

38 GenosseHeretic the Shooter (level 3, -3/22 HPs)
             Began as a Kobold Hunter on Feb 20, 2024.
             Slain by an orc priest
             ... wielding a +1 short sword of protection
              (7 damage)
             ... on level 3 of the Dungeon on Feb 28, 2024.
             The game lasted 00:06:07 (1855 turns).

GenosseHeretic the Shooter (Kobold Hunter)          Turns: 1855, Time: 00:06:07

Health: -3/22      AC:  4    Str:  8    XL:     3   Next: 65%
Magic:  3/3        EV: 15    Int: 10    God:
Gold:   86         SH:  0    Dex: 20    Spells: 2/2 levels left

rFire   . . .        a - +0 shortbow
rCold   . . .        (shield currently unavailable)
rNeg    . . .        c - +0 leather armour
rPois   .            (no helmet)
rElec   .            (no cloak)
rCorr   .            k - +0 pair of gloves
SInv    .            (no boots)
Will    .....        (no amulet)
Stlth   +++          (no ring)
HPRegen 0.23/turn    (no ring)
MPRegen 0.08/turn

%: no passive effects
@: no status effects
A: small, no large weapons, nightstalker 3
a: no special abilities


You were on level 3 of the Dungeon.
You visited 1 branch of the dungeon, and saw 3 of its levels.

You collected 86 gold pieces.

Inventory:

Hand Weapons
 a - a +0 shortbow (weapon)
Armour
 c - a +0 leather armour (worn)
 k - a +0 pair of gloves (worn)
 m - a +0 pair of gloves
Talismans
 l - a storm talisman
Scrolls
 b - a scroll of butterflies
 d - a scroll of poison {unknown}
 e - 5 scrolls of identify {unknown}
 g - a scroll of fog {unknown}
 j - a scroll of blinking {unknown}
 r - a scroll of teleportation {unknown}
Potions
 f - a potion of ambrosia {unknown}
 h - a potion of haste {unknown}
 i - a potion of lignification {unknown}
 n - a potion of enlightenment {unknown}
 o - 2 potions of curing {unknown}
 p - 2 potions of heal wounds {unknown}
 q - a potion of mutation {unknown}


   Skills:
 + Level 2.7 Fighting
 * Level 5.9 Ranged Weapons
 + Level 3.0 Dodging
 + Level 2.4 Stealth


You had 2 spell levels left.
You didn't know any spells.
Your spell library contained the following spells:

 Spells                   Type           Power      Damage    Failure   Level
 Brom's Barrelling Bould  Conj/Erth      0%         2d3       99%         4
 Fireball                 Conj/Fire      0%         3d3       100%        5
 Iskenderun's Battlesphe  Conj           0%         2d6       100%        5
 Conjure Ball Lightning   Conj/Air       0%         3x3d6     100%        6
 Orb of Destruction       Conj           0%         9d5       100%        7


Dungeon Overview and Level Annotations

Branches:
Dungeon (3/15)

Altars:

Shops:
D:1 *


Innate Abilities, Weirdness & Mutations

You are small and have problems with some larger weapons.
You are completely attuned to the shadows.


Message History

The arrow closely misses the orc priest.
The orc priest shouts!
You hear a shout!
An orc comes into view. It is wielding a +0 whip.
The orc priest calls down the wrath of Beogh upon you.
Pain shoots through your body!
You shoot an arrow. The arrow barely misses the orc.
You shoot an arrow. The arrow hits the orc.
The orc is heavily wounded.
The orc hits you but does no damage.
You shoot an arrow.
The arrow hits the orc but does no damage.
The orc is moderately wounded.
The orc closely misses you.
You shoot an arrow. The arrow hits the orc.
The orc is heavily wounded.
You hear a shout!
The orc barely misses you.
You shoot an arrow. The arrow completely misses the orc.
The orc priest invokes the aid of Beogh against you.
Beogh smites you! The orc hits you with a +0 club.
An orc priest comes into view. It is wielding a +0 whip.
The orc hits you with a +0 club.
You are too injured to fight recklessly!
You shoot an arrow. The arrow hits the orc!
You kill the orc!
An endoplasm comes into view.
You shoot an arrow. The arrow hits the orc priest.
The orc priest is moderately wounded.
The orc priest misses you.
You shoot an arrow.
The arrow closely misses the orc priest.
The orc priest closely misses you.
You shoot an arrow.
The arrow closely misses the orc priest.
The orc priest hits you with a +1 short sword of protection.
* * * LOW HITPOINT WARNING * * *
You shoot an arrow. The arrow hits the orc priest.
The orc priest is moderately wounded.
The orc priest hits you with a +1 short sword of protection!
You die...

### #.. #.#
###### #.# ####
.....####.###oJ..
# ###.##..)##@#
#.#......#.#.##
#.#.#.##....##
#.....######.#
###.### #.# #.#
#.# #.###### ##
#......# ######.#


You could see an orc priest and an endoplasm.

Vanquished Creatures
  A dart slug (D:1)
  2 orcs (D:3)
  2 ball pythons (D:1)
  5 bats
  2 endoplasms
  A giant cockroach (D:2)
  4 goblins
  2 hobgoblins
  5 kobolds
  A quokka (D:2)
  4 frilled lizards
  2 rats (D:1)
31 creatures vanquished.

Notes
Turn   | Place    | Note
-------+----------+-------------------------------------------
     0 | D:1      | GenosseHeretic the Kobold Hunter began the quest for the
                  | Orb.
     0 | D:1      | Reached XP level 1. HP: 12/12 MP: 1/1
     6 | D:1      | You fall into a shaft and drop 1 floor!
   148 | D:2      | Found a faded altar of an unknown god.
   150 | D:2      | Reached XP level 2. HP: 18/18 MP: 2/2
   552 | D:1      | Found Ritilotai's Assorted Antiques.
   569 | D:1      | Reached XP level 3. HP: 22/22 MP: 3/3
  1855 | D:3      | Slain by an orc priest

Illustrated notes

Levels and vault maps discovered:
D:1:      pf_arrival_petrified_forest, layout_loops_ring, serial_shops,
          nicolae_shop_hallway_plus
D:2:      layout_basic, hellmonk_ecumenical_altar_heavens_door,
          minmay_statues_item
D:3:      layout_loops_corners, serial_forest, infiniplex_forest_end_1,
          infiniplex_forest_lined_1, infiniplex_forest_lined_room_,
          infiniplex_forest_clump_double, infiniplex_forest_end_2,
          infiniplex_forest_end_2, columned_hall_lemuel, uniq_grinder,
          uniq_natasha

Skill      XL: |  1  2  3 |
---------------+----------+-----
Stealth        | 2 |  2.4
Dodging        | 3 |  3.0
Fighting       | |  2.7
Ranged Weapons | |  5.9

Action                     || total
---------------------------++-------
   Fire: Shortbow          ||    73
 Armour: Leather armour    ||    10
  Dodge: Dodged            ||    11
